 Dungeon Crawl Stone Soup version 0.23-a0-109-g5e4b187 (webtiles) character file.

61 GrunderHorse the Slasher (level 4, -1/28 HPs)
             Began as a Tengu Monk on Aug 22, 2018.
             Was a Believer of Vehumet.
             Slain by Robin
             ... wielding a +0 club
              (6 damage)
             ... on level 2 of the Dungeon.
             The game lasted 00:02:35 (991 turns).

GrunderHorse the Slasher (Tengu Monk)                Turns: 991, Time: 00:02:35

Health: -1/28      AC:  2    Str: 11    XL:     4   Next: 7%
Magic:  5/5        EV: 14    Int: 11    God:    Vehumet [**....]
Gold:   62         SH:  0    Dex: 17    Spells: 2/3 levels left

rFire    + . .     SeeInvis .   a - +0 falchion
rCold    + . .     Gourm    .   (no shield)
rNeg     . . .     Faith    .   b - +0 robe
rPois    +         Spirit   .   (helmet restricted)
rElec    +         Reflect  .   (no cloak)
rCorr    +         Harm     .   (no gloves)
MR       .....                  (boots unavailable)
Stlth    ++........             (no amulet)
HPRegen  0.09/turn              (no ring)
MPRegen  0.09/turn              (no ring)

@: resistant
A: beak, talons 3
a: Renounce Religion


You were on level 2 of the Dungeon.
You worshipped Vehumet.
Vehumet was pleased with you.
You were not hungry.

You visited 1 branch of the dungeon, and saw 2 of its levels.

You collected 62 gold pieces.

Inventory:

Hand Weapons
 a - a +0 falchion (weapon)
Armour
 b - a +0 robe (worn)
Scrolls
 e - a scroll of enchant armour {unknown}
 f - a scroll of blinking {unknown}
 g - a scroll of amnesia {unknown}
 h - 2 scrolls of identify {unknown}
 i - a scroll of fog {unknown}
Comestibles
 c - 3 rations
 d - 8 chunks of flesh


   Skills:
 - Level 3.0 Fighting
 + Level 4.3 Long Blades
 + Level 4.3 Dodging
 - Level 2.0 Stealth
 + Level 0.9 Conjurations


You had 2 spell levels left.
You knew the following spells:

 Your Spells              Type           Power        Failure   Level  Hunger
a - Flame Tongue          Conj/Fire      #....        30%         1    ##.....
Your spell library was empty.

Dungeon Overview and Level Annotations

Branches:
Dungeon (2/15)

Altars:
Dithmenos
Vehumet

Annotations:
D:2 Robin


Innate Abilities, Weirdness & Mutations

You have a beak for a mouth.
You have claws for feet.


Message History

Robin hits you with a club.
You hit Robin but do no damage. Your kick misses Robin.
Robin is lightly wounded.
Robin roars a battlecry!
The goblin goes into a battle-frenzy!
You hit Robin. You claw Robin, but do no damage.
Robin is moderately wounded.
Robin barely misses you.
You hit Robin. You peck Robin.
Robin is heavily wounded.
Robin throws the goblin at you! The goblin misses you.
You barely miss Robin. You claw Robin.
Robin is severely wounded.
The goblin closely misses you. Robin hits you with a club.
* * * LOW HITPOINT WARNING * * *
You barely miss Robin.
Robin is severely wounded.
The goblin barely misses you.
You riposte.
You closely miss the goblin. Robin hits you with a club.
You die...

# ## .. .## .. ..
#.#.#.# ###########
..... #.........#
..#.#.g#######.#######.#
.....ggg@g.....# #.#
.##.##g######### #.# #.
#.# #g #.# #.
##########.# #g
#.....รท....# #g
#.########## gg #.# #.#


You could see Robin, a hobgoblin and 4 goblins.

Vanquished Creatures
  3 dart slugs (D:1)
  A leopard gecko (D:1)
  2 giant cockroaches
  8 goblins
  6 hobgoblins
  8 jackals (D:2)
  7 kobolds (D:1)
  3 quokkas (D:2)
  3 bats
  2 frilled lizards (D:1)
  4 rats
47 creatures vanquished.

Notes
Turn   | Place    | Note
-------+----------+-------------------------------------------
     0 | D:1      | GrunderHorse the Tengu Monk began the quest for the Orb.
     0 | D:1      | Reached XP level 1. HP: 14/14 MP: 2/2
    27 | D:1      | Reached XP level 2. HP: 16/19 MP: 3/3
   283 | D:1      | Reached XP level 3. HP: 23/23 MP: 4/4
   793 | D:2      | Found a radiant altar of Vehumet.
   796 | D:2      | Found a shadowy altar of Dithmenos.
   802 | D:2      | Became a worshipper of Vehumet
   802 | D:2      | Reached * piety under Vehumet
   802 | D:2      | Offered knowledge of Flame Tongue by Vehumet.
   802 | D:2      | Reached ** piety under Vehumet
   805 | D:2      | Learned a level 1 spell: Flame Tongue
   851 | D:2      | Offered knowledge of Throw Flame by Vehumet.
   971 | D:2      | Noticed Robin
   977 | D:2      | Reached XP level 4. HP: 24/28 MP: 5/5
   991 | D:2      | Slain by Robin

Vault maps used:
D:1:      dpeg_arrival_ternary
D:2:      minitemple, uniq_crazy_yiuf_cottage, uniq_robin

Skill      XL: |  1  2  3 |
---------------+----------+-----
Long Blades    | 4 |  4.3
Dodging        | 4 |  4.3
Fighting       | |  3.0
Stealth        | |  2.0
Conjurations   | |  0.9

Action                   |  1- 3 |  4- 6 || total
-------------------------+-------+-------++-------
Melee: Falchion          |    63 |    13 ||    76
       Peck              |    11 |     2 ||    13
       Kick              |    23 |     4 ||    27
 Cast: Flame Tongue      |     1 |       ||     1
  Use: Potion            |     2 |       ||     2
 Stab: Sleeping          |     6 |       ||     6
Armor: Robe              |     5 |       ||     5
Dodge: Dodged            |    38 |     7 ||    45
       Rpst.: Falchion   |    17 |     2 ||    19

Table legend:
 A = Non-vault XP
 B = Vault XP
 C = Vault XP percentage of total XP
 D = Non-vault monster count
 E = Vault monster count
 F = Vault count percentage of total count
                 A         B        C        D         E       F
            +---------+---------+-------+---------+---------+-------
      Total |      79 |       9 |  10.2 |      42 |       5 |  10.6
            +---------+---------+-------+---------+---------+-------
        D:1 |      49 |       0 |   0.0 |      26 |       0 |   0.0
        D:2 |      30 |       9 |  23.1 |      16 |       5 |  23.8
            +---------+---------+-------+---------+---------+-------
